 Dungeon Crawl Stone Soup version 0.21-a0-536-gdbbf329 (webtiles) character file.

325 Gerstahl the Skirmisher (level 6, -3/51 HPs)
             Began as a Demonspawn Monk on Dec 15, 2017.
             Was a Believer of Dithmenos.
             Slain by a worker ant (4 damage)
             ... on level 4 of the Dungeon.
             The game lasted 00:05:01 (2954 turns).

Gerstahl the Skirmisher (Demonspawn Monk)           Turns: 2954, Time: 00:05:02

Health: -3/51      AC:  6    Str: 12    XL:     6   Next: 24%
Magic:  6/6        EV: 13    Int: 11    God:    Dithmenos [**....]
Gold:   130        SH:  0    Dex: 17    Spells: 5/5 levels left

rFire    . . .     SeeInvis .   a - +0 falchion
rCold    . . .     Gourm    .   (no shield)
rNeg     . . .     Faith    .   b - +0 robe
rPois    .         Spirit   .   (no helmet)
rElec    .         Reflect  .   (no cloak)
rCorr    .         Harm     .   n - +0 pair of gloves
MR       .....                  (no boots)
Stlth    ++++......             (no amulet)
HPRegen  0.17/turn              (no ring)
MPRegen  0.10/turn              (no ring)

@: wreathed by umbra
A: thin metallic scales 2, nightstalker 1
a: Shadow Step, Renounce Religion


You were on level 4 of the Dungeon.
You worshipped Dithmenos.
Dithmenos was pleased with you.
You were hungry.

You visited 1 branch of the dungeon, and saw 4 of its levels.

You collected 130 gold pieces.

Inventory:

Hand Weapons
 a - a +0 falchion (weapon)
Armour
 b - a +0 robe (worn)
 n - a +0 pair of gloves (worn)
Scrolls
 d - 2 scrolls of teleportation {unknown}
 f - 2 scrolls of immolation {unknown}
 h - 2 scrolls of identify
 k - a scroll of magic mapping {unknown}
 m - a scroll of remove curse {unknown}
 o - a scroll of enchant armour {unknown}
Potions
 e - a potion of brilliance {unknown}
 i - a potion of ambrosia {unknown}
 j - a potion of curing
 p - a potion of degeneration {unknown}
 q - a potion of might {unknown}
 r - a potion of resistance {unknown}
 s - 2 potions of heal wounds {unknown}
Comestibles
 c - 3 bread rations
 g - 11 fruits
 l - 2 meat rations


   Skills:
 + Level 5.4 Fighting
 + Level 4.9 Long Blades
 - Level 2.6 Dodging
 - Level 1.7 Stealth


You had 5 spell levels left.
You didn't know any spells.

Dungeon Overview and Level Annotations

Branches:
Dungeon (4/15)
 Temple: D:4-7

Altars:
Dithmenos
Sif Muna
Trog


Innate Abilities, Weirdness & Mutations

You are mostly covered in thin metallic scales. (AC +3)
You are slightly more attuned to the shadows.


Message History

The ogre misses you.
The jackal bites you but does no damage. x2
The jackal barely misses you.
You barely miss the ogre.
The ogre is almost dead.
The worker ant barely misses you.
You riposte.
You hit the worker ant.
The worker ant is lightly wounded.
The jackal barely misses you.
You riposte.
You hit the jackal.
You kill the jackal!
Dithmenos accepts your kill. The jackal completely misses you.
The jackal bites you.
* * * LOW HITPOINT WARNING * * *
The ogre barely misses you. The worker ant closely misses you.
You hit the ogre but do no damage.
The ogre is almost dead.
The jackal bites you but does no damage.
The jackal bites you.
* * * LOW HITPOINT WARNING * * *
The jackal closely misses you. The worker ant bites you.
You die...

### ##..##
###<.##
##...##
##...##
#....#
##...##
#....##
##...h#####
#..@J.....
##aOh.....
#.......#
#......##
........#
.....#...#
#########.


You could see an ogre, a worker ant, an ooze and 2 jackals.

Vanquished Creatures
  An eye of draining (D:3)
  The ghost of Goblin1989 the Insei, an amateur OpTm (D:3)
  An iguana (D:4)
  A gnoll (D:3)
  6 adders
  2 oozes (D:1)
  2 worms
  5 leopard geckos
  An orc (D:3)
  7 bats
  3 giant cockroaches
  8 goblins
  5 hobgoblins
  2 jackals (D:4)
  A quokka (D:3)
  3 frilled lizards
  10 kobolds
  5 rats
64 creatures vanquished.

Notes
Turn   | Place    | Note
-------+----------+-------------------------------------------
     0 | D:1      | Gerstahl the Demonspawn Monk began the quest for the Orb.
     0 | D:1      | Reached XP level 1. HP: 18/18 MP: 1/1
   152 | D:1      | Gained mutation: You are partially covered in thin metallic scales. (AC +2) [demonic ancestry]
   152 | D:1      | Reached XP level 2. HP: 12/24 MP: 2/2
   397 | D:1      | Gained mutation: You are mostly covered in thin metallic scales. (AC +3) [demonic ancestry]
   397 | D:1      | Reached XP level 3. HP: 20/30 MP: 3/3
  1180 | D:2      | Reached skill level 4 in Fighting
  1210 | D:2      | Reached XP level 4. HP: 37/37 MP: 4/4
  1283 | D:2      | Found a shadowy altar of Dithmenos.
  1332 | D:2      | Became a worshipper of Dithmenos the Shadowed
  1332 | D:2      | Reached * piety under Dithmenos
  1332 | D:2      | Reached ** piety under Dithmenos
  1575 | D:3      | Found a bloodstained altar of Trog.
  1575 | D:3      | Noticed an eye of draining
  1609 | D:3      | Noticed Goblin1989's ghost (amateur OpTm)
  1616 | D:3      | Killed an eye of draining
  1616 | D:3      | Reached XP level 5. HP: 18/43 MP: 0/5
  2407 | D:3      | Reached skill level 5 in Fighting
  2431 | D:3      | Killed Goblin1989's ghost
  2431 | D:3      | Gained mutation: You are slightly more attuned to the shadows. [demonic ancestry]
  2431 | D:3      | Reached XP level 6. HP: 27/51 MP: 6/6
  2905 | D:4      | Found a deep blue altar of Sif Muna.
  2954 | D:4      | HP: 1/51 [jackal (2)]
  2954 | D:4      | Slain by a worker ant

Vault maps used:
D:1:      minmay_arrival_up_and_down
D:2:      marbit_many_paths
D:3:      trog_eyes_of_draining
D:4:      lemuel_blue_sif_altar, first_bread, kennysheep_small_square

Skill      XL: |  1  2  3  4  5 |
---------------+----------------+-----
Long Blades    | 3 4 |  4.9
Fighting       | 4 5 |  5.4
Dodging        | |  2.6
Stealth        | |  1.7

Action                   |  1- 3 |  4- 6 || total
-------------------------+-------+-------++-------
Melee: Falchion          |   108 |   136 ||   244
  Use: Scroll            |       |     1 ||     1
       Potion            |       |     1 ||     1
 Stab: Sleeping          |       |     6 ||     6
  Eat: Chunk             |     1 |     5 ||     6
Armor: Robe              |    50 |    24 ||    74
Dodge: Dodged            |   102 |   124 ||   226
       Rpst.: Falchion   |    34 |    37 ||    71

Table legend:
 A = Spawn XP
 B = Non-spawn XP
 C = Spawn XP percentage of total XP
 D = Spawn monster count
 E = Non-spawn monster count
 F = Spawn count percentage of total count
 G = Total turns spent on level
                    A         B        C        D         E        F      G
               +---------+---------+-------+---------+---------+-------+---------
         Total |       0 |     465 |   0.0 |       0 |      64 |   0.0 |  2954
               +---------+---------+-------+---------+---------+-------+---------
           D:1 |       0 |      49 |   0.0 |       0 |      21 |   0.0 |   763
           D:2 |       0 |      55 |   0.0 |       0 |      18 |   0.0 |  1048
           D:3 |       0 |     319 |   0.0 |       0 |      21 |   0.0 |  1013
           D:4 |       0 |      42 |   0.0 |       0 |       4 |   0.0 |   130
               +---------+---------+-------+---------+---------+-------+---------
